 Dungeon Crawl Stone Soup version 0.25-a0-523-g9afb2ee040 (console) character file.

Game seed: 7412122900248463599, levelgen mode: deterministic

4879 surprisetrex the Arsonist (level 10, -2/93 HPs)
             Began as a Hill Orc Fire Elementalist on Feb 17, 2020.
             Was a High Priest of Okawaru.
             Killed from afar by Harold (11 damage)
             ... with a harpoon shot
             ... on level 8 of the Dungeon on Feb 18, 2020.
             The game lasted 01:10:37 (12047 turns).

surprisetrex the Arsonist (HOFE)                   Turns: 12047, Time: 01:10:38

Health: -2/93      AC:  9    Str: 12    XL:     10   Next: 50%
Magic:  16/16      EV: 11    Int: 18    God:    Okawaru [*****.]
Gold:   470        SH:  0    Dex: 11    Spells: 9/17 levels left

rFire    + . .     SeeInvis .   a - +0 hunting sling
rCold    + . .     Gourm    .   (no shield)
rNeg     . . .     Faith    .   z - +0 troll leather armour
rPois    .         Spirit   .   J - +1 hat
rElec    .         Reflect  .   S - +2 cloak
rCorr    .         Harm     .   M - +0 pair of gloves
MR       .....                  (no boots)
Stlth    +.........             O - amulet of magic regeneration
HPRegen  0.65/turn              e - ring of protection from cold
MPRegen  0.40/turn              C - ring of protection from fire

@: lethally poisoned (-2 -> -3)
A: no striking features
a: Heroism, Finesse, Renounce Religion


You were on level 8 of the Dungeon.
You worshipped Okawaru.
Okawaru was extremely pleased with you.
You were hungry.

You visited 2 branches of the dungeon, and saw 9 of its levels.
You also visited: Ossuary.

You collected 470 gold pieces.

Inventory:

Hand Weapons
 a - a +0 hunting sling (weapon)
 b - a +1 dagger of electrocution
 d - a +1 spear of venom
 r - a +0 battleaxe
Missiles
 j - 340 stones
 L - 22 poisoned darts
 Q - 22 sling bullets (quivered)
Armour
 z - a +0 troll leather armour (worn)
 J - a +1 hat (worn)
 M - a +0 pair of gloves (worn)
 S - a +2 cloak (worn)
Jewellery
 e - a ring of protection from cold (left hand)
 m - an uncursed ring of fire
 x - a +1 ring of evasion
 y - an uncursed ring of fire
 C - a ring of protection from fire (right hand)
 O - an amulet of magic regeneration (around neck)
Wands
 g - a wand of flame (12)
 o - a wand of iceblast (14)
 I - a wand of polymorph (6)
 N - a wand of scattershot (5)
Scrolls
 k - 3 scrolls of teleportation
 n - 3 scrolls of fog
 p - 4 scrolls of fear
 s - 3 scrolls of immolation
 B - 2 scrolls of amnesia {unknown}
 E - 2 scrolls of remove curse {unknown}
 F - 2 scrolls of noise {unknown}
 H - a scroll of enchant weapon {unknown}
 K - 2 scrolls of enchant armour {unknown}
 R - a scroll of blinking {unknown}
Potions
 f - 2 potions of degeneration {unknown}
 h - 5 potions of stabbing {unknown}
 l - 3 potions of flight {unknown}
 q - 5 potions of lignification {unknown}
 t - a potion of resistance {unknown}
 v - 2 potions of cancellation {unknown}
 w - a potion of haste {unknown}
 A - 3 potions of mutation {unknown}
 D - a potion of berserk rage {unknown}
 G - a potion of magic {unknown}
Comestibles
 c - 6 rations


   Skills:
 - Level 10.0 Fighting
 - Level 1.5 Dodging
 - Level 1.5 Stealth
 + Level 4.3 Spellcasting
 - Level 5.1 Conjurations
 + Level 11.4 Fire Magic


You had 9 spell levels left.
You knew the following spells:

 Your Spells              Type           Power        Failure   Level  Hunger
a - Foxfire               Conj/Fire      ####         1%          1    None
b - Sticky Flame          Conj/Fire      ####....     6%          4    ####...
c - Conjure Flame         Conj/Fire      ####....     1%          3    ###....

Your spell library contained the following spells:

 Spells                   Type           Power        Failure   Level  Hunger
 Magic Dart               Conj           ###.         2%          1    None
 Inner Flame              Hex/Fire       ###.....     5%          3    ###....
 Fireball                 Conj/Fire      ####......   17%         5    ######.
 Blink                    Tloc           N/A          26%         2    ##.....
 Call Imp                 Summ           #.......     26%         2    ##.....
 Slow                     Hex            #.......     26%         2    ##.....
 Mephitic Cloud           Conj/Pois/Air  ##......     26%         3    ###....


Dungeon Overview and Level Annotations

Branches:
Dungeon (8/15)             Temple (1/1) D:6         Ossuary (visited)
   Lair: D:8-11

Altars:
Ashenzari
Cheibriados
Dithmenos
Elyvilon
Fedhas
Gozag
Hepliaklqana
Kikubaaqudgha
Makhleb
Nemelex Xobeh
Okawaru
Qazlal
Ru
Sif Muna
Trog
Uskayaw
Vehumet
Xom
Yredelemnul
Zin
The Shining One

Shops:
D:8 :

Annotations:
D:8 Harold


Message History

You shoot a sling bullet. The sling bullet hits Harold.
Harold is severely wounded.
Firing (i - inventory. (/) - cycle)
Q - 23 sling bullets (quivered)
Press: ? - help, Shift-Dir - straight line, f/p - Harold
Aim: Harold, wielding a +2 glaive of venom and wearing a +0 scale mail (severely wounded, poisoned)
You shoot a sling bullet.
The sling bullet hits Harold but does no damage.
Harold is severely wounded.
Harold fires a harpoon shot at you. The harpoon shot hits you!
* * * LOW HITPOINT WARNING * * *
You are yanked forward by the harpoon shot.
Harold hits you from afar with a +2 glaive of venom!
* * * LOW HITPOINT WARNING * * *
You are poisoned.
You feel sick.
You feel sick. Harold fires a harpoon shot at you. The harpoon shot hits you!
You die...

#.# #...#.# #.##.#
###'####...#.### #.##.#
......######.#.. #.##.# .<....#
#.#.# #.##.# ......# #.#.#
#.##.# ......# #.#.#
#.##.####### ......# #.#.#
#.@.@......# ......#
#.#.#######.#####.# ......#
#.#).@..○@(.# #.# ......#
#.###############.## ......#
#...........)......#
###############################
.......................#
...###################.#
.......... #.# .......... #>#
.......... #.#


You could see Harold.

Vanquished Creatures
  A two-headed ogre (D:8)
  A troll (D:8)
  Prince Ribbit (D:8)
  A hungry ghost (D:6)
  Duvessa (D:6)
  A water moccasin (D:8)
  An orc warrior (D:6)
  An ice beast (D:8)
  3 sky beasts (D:6)
  A necrophage (D:7)
  An ogre (D:7)
  3 phantoms
  An elf zombie (Ossuary)
  A gnoll sergeant (D:7)
  6 bullfrogs
  Dowan (D:6)
  A scorpion (D:5)
  2 wyvern skeletons (D:6)
  5 wights (D:8)
  3 howler monkeys (D:6)
  2 crimson imps (D:6)
  A quasit (D:5)
  2 jellies (D:6)
  6 hounds
  6 orc priests
  An orc wizard (D:7)
  A bullfrog skeleton (D:5)
  2 centaur skeletons
  3 human zombies (Ossuary)
  Jessica (D:2)
  3 iguanas
  6 worker ants
  2 hound zombies
  4 hound skeletons
  A howler monkey zombie (D:5)
  3 mummies (Ossuary)
  Robin (D:2)
  10 gnolls
  14 adders
  A shadow imp (D:5)
  An ooze (D:2)
  5 adder zombies
  A dart slug (D:3)
  A worm (D:3)
  7 leopard geckos
  22 orcs
  11 bats
  5 giant cockroaches
  2 gnoll zombies (Ossuary)
  25 goblins
  18 hobgoblins
  3 jackals (D:1)
  2 quokkas
  5 frilled lizards
  7 goblin zombies
  5 hobgoblin zombies (Ossuary)
  6 jackal zombies
  17 kobolds
  2 kobold zombies (Ossuary)
  A leopard gecko zombie (D:5)
  An orc zombie (Ossuary)
  2 quokka zombies (Ossuary)
  9 rats
  2 rat zombies (Ossuary)
266 creatures vanquished.

Vanquished Creatures (others)
  An orc wizard (D:6)
  248 foxfires
249 creatures vanquished.

Grand Total: 515 creatures vanquished

Notes
Turn   | Place    | Note
-------+----------+-------------------------------------------
     0 | D:1      | surprisetrex the Hill Orc Fire Elementalist began the quest
                  | for the Orb.
     0 | D:1      | Reached XP level 1. HP: 14/14 MP: 3/3
    49 | D:1      | Upgraded the game from 0.25-a0-517-gf8b3a32422 to
                  | 0.25-a0-523-g9afb2ee040
   149 | D:1      | Reached XP level 2. HP: 20/20 MP: 0/4
   156 | D:1      | Reached skill level 4 in Fire Magic
   508 | D:1      | Reached XP level 3. HP: 25/26 MP: 2/5
  1020 | D:2      | Noticed Jessica
  1032 | D:2      | Killed Jessica
  1032 | D:2      | Reached skill level 5 in Fire Magic
  1032 | D:2      | Reached XP level 4. HP: 33/33 MP: 0/6
  1068 | D:2      | Found a glowing golden altar of the Shining One.
  1287 | D:2      | Learned a level 4 spell: Sticky Flame
  1420 | D:2      | Noticed Robin
  1485 | D:2      | Killed Robin
  1485 | D:2      | Reached skill level 1 in Fighting
  1485 | D:2      | Reached skill level 6 in Fire Magic
  1485 | D:2      | Reached XP level 5. HP: 36/40 MP: 0/7
  1885 | D:2      | Found an iron altar of Okawaru.
  1892 | D:2      | Became a worshipper of Warmaster Okawaru
  2121 | D:2      | Found a blossoming altar of Fedhas.
  2121 | D:2      | Found a shimmering altar of Xom.
  2122 | D:2      | Found a shadowy altar of Dithmenos.
  2188 | D:2      | Found a basalt altar of Yredelemnul.
  2831 | D:3      | Reached XP level 6. HP: 47/52 MP: 4/8
  3175 | D:4      | Noticed a phantom
  3195 | D:4      | Killed a phantom
  3195 | D:4      | Reached skill level 5 in Fighting
  3475 | D:4      | Reached XP level 7. HP: 37/61 MP: 6/9
  3778 | D:4      | Found a sand-covered staircase.
  3785 | Ossuary  | Entered an ossuary
  4040 | Ossuary  | Reached * piety under Okawaru
  4669 | D:5      | Entered Level 5 of the Dungeon
  4697 | D:5      | Reached skill level 5 in Conjurations
  4908 | D:5      | Reached XP level 8. HP: 49/70 MP: 10/10
  5405 | D:5      | Reached ** piety under Okawaru
  5405 | D:5      | Reached skill level 7 in Fire Magic
  6296 | D:5      | Learned a level 3 spell: Conjure Flame
  6773 | D:6      | Reached skill level 8 in Fire Magic
  7146 | D:6      | Found a staircase to the Ecumenical Temple.
  7152 | Temple   | Entered the Ecumenical Temple
  7434 | D:6      | Noticed Duvessa
  7450 | D:6      | Noticed Dowan
  7462 | D:6      | Killed Duvessa
  7481 | D:6      | Killed Dowan
  7481 | D:6      | Reached XP level 9. HP: 47/81 MP: 3/11
  8419 | D:6      | Reached skill level 9 in Fire Magic
  8630 | D:6      | Reached *** piety under Okawaru
 10066 | D:6      | Reached skill level 10 in Fighting
 10300 | D:6      | Reached **** piety under Okawaru
 10300 | D:6      | Reached skill level 10 in Fire Magic
 10974 | D:7      | Found a shattered altar of Ashenzari.
 11116 | D:7      | Found a burning altar of Makhleb.
 11126 | D:7      | Reached XP level 10. HP: 89/93 MP: 12/14
 11596 | D:8      | Noticed Prince Ribbit
 11629 | D:8      | Killed Prince Ribbit
 11641 | D:8      | Reached skill level 11 in Fire Magic
 11768 | D:8      | Noticed a two-headed ogre
 11779 | D:8      | Killed a two-headed ogre
 11779 | D:8      | Reached ***** piety under Okawaru
 11965 | D:8      | Found Tetostra's Book Boutique.
 12009 | D:8      | Noticed Harold
 12047 | D:8      | Killed from afar by Harold

Levels and vault maps discovered:
D:1:      lightli_arrival_isolated_outpost, layout_rooms,
          minmay_indecisive_spiral
D:2:      layout_loops_corners, okawaru_ov_weapons_minmay, old_standard_altar,
          gammafunk_temple_overflow_claw, nicolae_overflow_crystal_walls,
          uniq_jessica, uniq_robin
D:3:      layout_rooms
D:4:      layout_gridville, enter_ossuary_4, first_ration
D:5:      corexii_shantytown, layout_basic, sigmund_army
D:6:      cheibrodos_barr_body, layout_basic, minmay_temple_entry_butterflies,
          uniq_duvessa
D:7:      corexii_shack_village, layout_cave_pools, old_standard_altar,
          makhleb_blood_cavern_becter
D:8:      layout_basic, lemuel_crystal_altar, serial_shops, shop,
          uniq_prince_ribbit1, uniq_harold
Temple:   oiseaux_autumnal_temple

Skill      XL: |  1  2  3  4  5  6  7  8  9 10 |
---------------+-------------------------------+-----
Fire Magic     | 4 5 6 8 10 11 | 11.4
Fighting       | 1 3 5 8 10 | 10.0
Conjurations   | 2 5 |  5.1
Spellcasting   | 2 4 |  4.3
Dodging        | |  1.5
Stealth        | |  1.5

Action                   |  1- 3 |  4- 6 |  7- 9 | 10-12 || total
-------------------------+-------+-------+-------+-------++-------
Melee: Unarmed           |    18 |       |       |       ||    18
       Whip              |    26 |       |       |       ||    26
       Short sword       |       |     9 |       |       ||     9
       Dagger            |       |    77 |   516 |    60 ||   653
       Spear             |       |       |    69 |    24 ||    93
 Fire: Hunting sling     |       |    63 |   130 |     8 ||   201
Throw: Stone             |     9 |     6 |     2 |       ||    17
       Dart              |       |       |     2 |       ||     2
 Cast: Foxfire           |    50 |    50 |    41 |     3 ||   144
       Sticky Flame      |       |       |     9 |     2 ||    11
       Conjure Flame     |       |       |     6 |     5 ||    11
  Use: Scroll            |       |     3 |     7 |       ||    10
       Potion            |       |       |     3 |     1 ||     4
 Stab: Sleeping          |       |     1 |     5 |     1 ||     7
  Eat: Chunk             |     2 |     9 |    24 |       ||    35
       Ration            |       |       |     4 |     1 ||     5
Armor: Robe              |    26 |    19 |    75 |       ||   120
       Ring mail         |       |       |    30 |    15 ||    45
       Troll leather arm |       |       |       |     4 ||     4
Dodge: Dodged            |    46 |    64 |   343 |    40 ||   493

Table legend:
 A = Non-vault XP
 B = Vault XP
 C = Vault XP percentage of total XP
 D = Non-vault monster count
 E = Vault monster count
 F = Vault count percentage of total count
                 A         B        C        D         E       F
            +---------+---------+-------+---------+---------+-------
      Total |    5341 |    1630 |  23.4 |     158 |     109 |  40.8
            +---------+---------+-------+---------+---------+-------
        D:1 |      51 |       6 |  10.5 |      28 |       4 |  12.5
        D:2 |     108 |      70 |  39.3 |      21 |      12 |  36.4
        D:3 |     119 |       0 |   0.0 |      21 |       0 |   0.0
        D:4 |     273 |       2 |   0.7 |       6 |       2 |  25.0
        D:5 |     608 |     136 |  18.3 |      26 |      30 |  53.6
        D:6 |    1656 |     639 |  27.8 |      31 |      11 |  26.2
        D:7 |     526 |     166 |  24.0 |      12 |      13 |  52.0
        D:8 |    2000 |     268 |  11.8 |      13 |       1 |   7.1
    Ossuary |       0 |     343 | 100.0 |       0 |      36 | 100.0
            +---------+---------+-------+---------+---------+-------
